 Dungeon Crawl Stone Soup version 0.21-a0-529-g8c7b3f5 (webtiles) character file.

545245 theanonym the Warrior (level 25, 0/234 HPs)
             Began as a Black Draconian Artificer on Dec 7, 2017.
             Was the Champion of Ashenzari.
             Slain by a phantasmal warrior (6 damage)
             ... while paralysed by a vampire knight
             ... on level 3 of the Crypt on Dec 9, 2017.
             The game lasted 06:25:47 (94927 turns).

theanonym the Warrior (Black Draconian Artificer)  Turns: 94927, Time: 06:25:48

Health: 0/234      AC: 20    Str: 15    XL:     25   Next: 38%
Magic:  25/39      EV:  2    Int: 18    God:    Ashenzari [******]
Gold:   2711       SH:  0    Dex: 17    Spells: 3/49 levels left

rFire    . . .     SeeInvis +   b - +4 long sword (holy)
rCold    + . .     Gourm    .   z - +4 shield (curse)
rNeg     + . .     Faith    .   (armour unavailable)
rPois    .         Spirit   .   N - +0 mask of the Dragon {MR+ Slay+3 SInv} (curse)
rElec    +         Reflect  .   Z - +2 cloak of the Thief {+Fog Slay-2 SInv Stlth+} (curse)
rCorr    .         Harm     .   g - +2 pair of gloves {archery} (curse)
MR       +....     Clarity  +   o - +1 pair of boots {Stlth+} (curse)
Stlth    +++++++++.             u - amulet of magic regeneration (curse)
HPRegen  0.49/turn              I - ring of protection from cold (curse) {rC+}
MPRegen  0.51/turn              C - ring of positive energy {rN+rN+}

@: paralysed, vulnerable, radiating poison, flying, very slightly contaminated,
drained, deflect missiles
A: breathe lightning, unfitting armour, big wings, electricity resistance,
cold-blooded, AC +12
}: 2/15 runes: serpentine, barnacled
a: Breathe Lightning, Stop Flying, Curse Item, Scrying, Transfer Knowledge,
Renounce Religion, Evoke Fog


Innate Abilities, Weirdness & Mutations

You can breathe wild blasts of lightning.
Your glossy black scales are hard. (AC +12)
You cannot fit into any form of body armour.
Your large and strong wings let you fly indefinitely.
You are resistant to electric shocks. (rElec)
You are cold-blooded and may be slowed by cold attacks.


   Skills:
 - Level 20.8(20.2) Fighting
   Level 8.6(11.4) Short Blades
 - Level 13.1(13.4) Long Blades
 + Level 14.0(17.4) Dodging
 - Level 20.2(23.0) Stealth
 - Level 12.3(14.4) Shields
 + Level 12.8(12.2) Spellcasting
 - Level 2.0(3.8) Hexes
 - Level 10.7(12.9) Charms
 - Level 2.1(3.9) Summonings
 - Level 2.5(4.5) Necromancy
 - Level 1.8(3.6) Translocations
 - Level 1.3(2.8) Transmutations
 - Level 1.3(2.8) Fire Magic
 - Level 11.8(13.9) Air Magic
 - Level 10.7(12.9) Poison Magic
 - Level 12.7(14.8) Evocations


You had 3 spell levels left.
You knew the following spells:

 Your Spells              Type           Power        Failure   Level  Hunger
a - Passage of Golubria   Tloc           N/A          16%         4    ##.....
b - Shroud of Golubria    Chrm/Tloc      #####.....   1%          2    None
c - Olgreb's Toxic Radia  Pois           ######..     1%          4    ##.....
d - Mephitic Cloud        Conj/Pois/Air  #####...     1%          3    None
e - Lesser Beckoning      Tloc           ###.......   4%          3    None
f - Deflect Missiles      Chrm/Air       ######....   4%          6    ######.
g - Blink                 Tloc           N/A          2%          2    None
h - Silence               Hex/Air        #####.....   4%          5    ####...
i - Summon Lightning Spi  Summ/Air       #####...     1%          4    ##.....
j - Ignite Poison         Fire/Tmut/Pois ####....     1%          3    None
k - Control Undead        Necr           ####......   10%         4    ##.....
q - Apportation           Tloc           ###...       1%          1    None
r - Regeneration          Chrm/Necr      #####.....   1%          3    None
s - Swiftness             Chrm/Air       ######..     1%          2    None

Skill      XL: |  1  2  3  4  5  6  7  8  9 10 11 12 13 14 15 16 17 18 19 20 21 22 23 24 25 |
---------------+----------------------------------------------------------------------------+-----
Short Blades   | 2 3 4 5 6 9 11 12 9 8 |  8.6
Stealth        | 1 2 3 4 6 7 9 10 11 12 14 15 16 18 19 20 | 20.2
Shields        | 1 2 3 4 7 8 12 | 12.3
Fighting       | 5 8 10 11 13 14 15 16 17 18 20 | 20.8
Evocations     | 4 8 10 12 | 12.7
Spellcasting   | 1 4 5 10 11 12 | 12.8
Translocations | 1 |  1.8
Dodging        | 4 7 8 9 10 11 13 14 | 14.0
Poison Magic   | 4 5 8 10 | 10.7
Air Magic      | 1 7 10 11 | 11.8
Charms         | 2 5 7 9 10 | 10.7
Necromancy     | 1 2 |  2.5
Transmutations | 1 |  1.3
Fire Magic     | 1 |  1.3
Long Blades    | 9 11 13 | 13.1
Hexes          | 2 |  2.0
Summonings     | 2 |  2.1

Action                   |  1- 3 |  4- 6 |  7- 9 | 10-12 | 13-15 | 16-18 | 19-21 | 22-24 | 25-27 || total
-------------------------+-------+-------+-------+-------+-------+-------+-------+-------+-------++-------
Melee: Dagger            |   110 |   230 |   587 |       |       |       |       |       |       ||   927
       Short sword       |     9 |       |       |       |       |       |       |       |       ||     9
       Tailslap          |    11 |    27 |    83 |   139 |   357 |   367 |   289 |   489 |   171 ||  1933
       Rapier            |       |       |    29 |   967 |  1916 |  2210 |  1549 |   685 |       ||  7356
       Double sword      |       |       |       |       |       |       |       |  1328 |       ||  1328
       Long sword        |       |       |       |       |       |       |       |   607 |   744 ||  1351
Throw: Javelin           |       |       |     3 |     3 |     1 |       |       |       |       ||     7
       Throwing net      |       |       |       |       |       |     4 |     1 |     4 |       ||     9
 Cast: Olgreb's Toxic Ra |       |       |       |       |     1 |    74 |    90 |   131 |     2 ||   298
       Shroud of Golubri |       |       |       |       |       |    45 |    24 |    45 |    15 ||   129
       Mephitic Cloud    |       |       |       |       |       |    31 |    17 |    21 |       ||    69
       Blink             |       |       |       |       |       |     7 |       |     7 |     1 ||    15
       Deflect Missiles  |       |       |       |       |       |     5 |     4 |     9 |     1 ||    19
       Summon Lightning  |       |       |       |       |       |     3 |     4 |     6 |       ||    13
       Regeneration      |       |       |       |       |       |       |    26 |    73 |    10 ||   109
       Lesser Beckoning  |       |       |       |       |       |       |     1 |     4 |       ||     5
       Ignite Poison     |       |       |       |       |       |       |     5 |    56 |       ||    61
       Silence           |       |       |       |       |       |       |       |    15 |    14 ||    29
       Passage of Golubr |       |       |       |       |       |       |       |     4 |       ||     4
       Control Undead    |       |       |       |       |       |       |       |       |    11 ||    11
Invok: Curse Item        |       |     2 |     2 |     4 |     3 |     8 |     1 |     5 |       ||    25
       Transfer Knowledg |       |       |       |       |       |       |       |     1 |       ||     1
 Abil: Breathe Lightning |       |       |     7 |     3 |    13 |    59 |     8 |     3 |       ||    93
       Fly               |       |       |       |       |     1 |       |       |     1 |       ||     2
       Evoke Berserk Rag |       |       |       |       |       |     1 |       |       |       ||     1
       Stop Flying       |       |       |       |       |       |       |     1 |       |       ||     1
       Evoke Fog         |       |       |       |       |       |       |       |       |     2 ||     2
Evoke: Wand              |     4 |    19 |    53 |    43 |    33 |    50 |     4 |    22 |     9 ||   237
       Lightning rod     |       |       |       |     8 |     6 |    10 |       |     3 |       ||    27
       Lamp of fire      |       |       |       |     1 |     2 |     5 |     2 |     8 |     1 ||    19
       Sack of spiders   |       |       |       |       |     2 |       |       |       |       ||     2
       Fan of gales      |       |       |       |       |       |     3 |       |     1 |     1 ||     5
       Box of beasts     |       |       |       |       |       |       |       |     6 |       ||     6
  Use: Potion            |     1 |     1 |     1 |     4 |     6 |     3 |     3 |    10 |     5 ||    34
       Scroll            |       |     4 |    14 |     6 |    10 |    15 |     3 |    15 |     2 ||    69
 Stab: Sleeping          |     1 |     3 |    11 |    25 |    41 |    26 |    60 |    39 |     6 ||   212
       Paralysed         |       |       |     1 |     3 |     8 |    13 |     2 |       |       ||    27
       Confused          |       |       |     1 |       |       |    10 |     6 |    10 |       ||    27
       Distracted        |       |       |     1 |     4 |    20 |     7 |     4 |    11 |     3 ||    50
       Betrayed ally     |       |       |       |       |     1 |       |       |       |     2 ||     3
       Held in net/web   |       |       |       |       |       |     5 |       |     2 |       ||     7
       Petrifying        |       |       |       |       |       |       |       |     2 |       ||     2
  Eat: Chunk             |     4 |     5 |     7 |    20 |    15 |    34 |    31 |    33 |       ||   149
       Meat ration       |       |     1 |     1 |     2 |     5 |     2 |     1 |    12 |     3 ||    27
       Bread ration      |       |       |     1 |     1 |     4 |     7 |     1 |       |     1 ||    15
       Royal jelly       |       |       |       |       |       |     8 |       |       |       ||     8
       Fruit             |       |       |       |       |       |    14 |     3 |     2 |       ||    19
Armor: Skin              |    33 |    42 |    84 |   154 |   150 |   291 |   137 |   308 |    76 ||  1275
Dodge: Dodged            |    63 |    75 |   174 |   275 |   779 |  1211 |   586 |  1175 |   320 ||  4658
       Deflected         |       |       |       |       |       |    26 |    27 |    64 |     6 ||   123
Block: Buckler           |       |    21 |    61 |   197 |   430 |   241 |       |       |       ||   950
       Shield            |       |       |       |       |       |  1219 |   863 |  1695 |   488 ||  4265
       Rpst.: Double sword |       |       |       |       |       |       |       |   170 |       ||   170
       Long sword        |       |       |       |       |       |       |       |    57 |    62 ||   119

Inventory:

Hand Weapons
 a - a cursed +2 double sword of freezing
   (You subdued it on level 2 of the Elven Halls)
 b - a +4 long sword of holy wrath (weapon)
   (You subdued it on level 2 of the Elven Halls)
Missiles
 X - 4 throwing nets (quivered) {!f}
Armour
 g - a cursed +2 pair of gloves of archery (worn)
   (You bought it in a shop on level 2 of the Orcish Mines)
 o - a cursed +1 pair of boots of stealth (worn)
   (You found it in a wizard's laboratory)
 z - a cursed +4 shield (worn)
   (You found it on level 2 of the Snake Pit)
 N - the cursed +0 mask of the Dragon (worn) {MR+ Slay+3 SInv}
   (You found it on level 3 of the Vaults)

   It affects your accuracy and damage with ranged weapons and melee attacks
   (+3).
   It affects your resistance to hostile enchantments.
   It lets you see invisible.
   It has a curse placed upon it.
 Z - the cursed +2 cloak of the Thief (worn) {+Fog Slay-2 SInv Stlth+}
   (You found it in a wizard's laboratory)

   It affects your accuracy and damage with ranged weapons and melee attacks
   (-2).
   It lets you see invisible.
   It makes you more stealthy.
   It has a curse placed upon it.
Jewellery
 u - a cursed amulet of magic regeneration (around neck)
   (You found it on level 3 of the Snake Pit)
 x - a ring of the Octopus King {rF+ AC+1 EV+1 Str+1 Int+1 Dex+1}
   (You took it off a deep elf annihilator on level 3 of the Elven Halls)

   [ring of protection from fire]

   It affects your AC (+1).
   It affects your evasion (+1).
   It affects your strength (+1).
   It affects your intelligence (+1).
   It affects your dexterity (+1).
   It protects you from fire.
 C - a ring of positive energy (right hand) {rN+rN+}
   (You found it on level 4 of the Lair of Beasts)
 I - a cursed ring of protection from cold (left hand) {rC+}
   (You found it on level 6 of the Dungeon)
Wands
 c - a wand of clouds (3)
   (You took it off a vampire mage on level 2 of the Crypt)
 d - a wand of digging (19)
   (You found it on level 6 of the Dungeon)
 h - a wand of paralysis (12)
   (You found it on level 2 of the Shoals)
 H - a wand of iceblast (19)
   (You found it on level 2 of the Dungeon)
 R - a wand of enslavement (5)
   (You found it on level 15 of the Dungeon)
 W - a wand of disintegration (31)
   (You found it on level 4 of the Vaults)
Scrolls
 f - 10 scrolls of fog {!r}
 i - 12 scrolls of fear {!r}
 m - a scroll of silence
 p - 7 scrolls of immolation
 r - 25 scrolls of identify
 s - 7 scrolls of remove curse
 t - 10 scrolls of teleportation {!r}
 y - 11 scrolls of magic mapping {!r}
 A - a scroll of holy word
 G - 6 scrolls of blinking
 P - 2 scrolls of enchant weapon
Potions
 e - a potion of agility
 j - 3 potions of cancellation
 l - 5 potions of mutation
 q - 5 potions of heal wounds
 w - 19 potions of curing
 D - 8 potions of brilliance
 E - 3 potions of berserk rage {!q}
 F - 3 potions of ambrosia
 J - 3 potions of invisibility
 K - 4 potions of haste
 O - 2 potions of lignification
 S - 2 potions of resistance {rF+ rC+}
 U - a potion of might
 V - a potion of magic
Books
 B - a book of Summonings
   (You found it on level 3 of the Elven Halls)
Miscellaneous
 n - 2 boxes of beasts
 L - a lamp of fire
   (You bought it in a shop on level 4 of the Dungeon)
 M - a fan of gales (inert)
   (You found it on level 2 of the Shoals)
 T - a lightning rod (4/4)
   (You found it in an ice cave)
 Y - 4 phantom mirrors
Comestibles
 k - 8 royal jellies
 v - 3 chunks of flesh
 Q - 6 bread rations

Dungeon Overview and Level Annotations

Branches:
Dungeon (15/15)            Temple (1/1) D:4            Lair (6/6) D:9
 Shoals (4/4) Lair:2        Snake (4/4) Lair:3        Slime (0/5) Lair:6
    Orc (2/2) D:10            Elf (3/3) Orc:2        Vaults (4/5) D:13
  Crypt (3/3) Vaults:3       Tomb (0/3) Crypt:3      Depths (4/5) D:15

Altars:
Ashenzari
Cheibriados
Dithmenos
Elyvilon
Fedhas
Gozag
Hepliaklqana
Kikubaaqudgha
Makhleb
Nemelex Xobeh
Okawaru
Qazlal
Ru
Sif Muna
Trog
Uskayaw
Wu Jian
Xom
Yredelemnul
Zin
The Shining One
Beogh
Jiyva

Shops:
D:4 (*}   D:6 %   D:8 *   D:11 [   Orc:2 ?:([   Elf:2 [   Shoals:4 [
Vaults:1 ?   Depths:1 **(

Portals:
Hell: Depths:1 Depths:2 Depths:3
Abyss: Depths:1
Pandemonium: Depths:3
Trove: D:15 (give +5 ice dragon scales)

Annotations:
D:6 Canard's ghost, novice DrBe
Lair:3 exclusion: 4 oklob plants
Crypt:3 Jory


You were on level 3 of the Crypt.
You worshipped Ashenzari.
Ashenzari was exalted by your worship.
You were not hungry.

You visited 10 branches of the dungeon, and saw 46 of its levels.
You also visited: Ossuary, Ice Cave and Wizlab.

You collected 6620 gold pieces.
You spent 3909 gold pieces at shops.


Message History

The vampire casts a spell!
The vampire flickers and vanishes for a moment!
You cut the phantasmal warrior but do no damage!
The vampiric long sword misses you!
You block the phantasmal warrior's attack!
The deep elf death mage beckons forth a restless soul!!!
Your vampire hits the vampire knight!
Your vampire closely misses the vampire knight!
The vampire knight hits your vampire with an enchanted great sword!!!!!!
The vampire knight barely misses your vampire!
You slice the phantasmal warrior but do no damage!
You tail-slap the phantasmal warrior, but do no damage!
The vampiric long sword misses you!
You block the phantasmal warrior's attack!
You slice the phantasmal warrior like a ripe choko!!!
The phantasmal warrior convulses!!!
The vampiric long sword hits you!
Your vampire barely misses the vampire knight!
Your vampire bites the vampire knight but does no damage!
You take 5 damage, and have 200/234 hp!
You slice the phantasmal warrior but do no damage!
You block the vampiric long sword's attack!
The phantasmal warrior hits you but does no damage!
Your vampire gestures at the vampire knight while chanting!
The vampire knight resists with almost no effort!
You carve the vampire knight like a ham!!!
The vampire knight convulses!!!!!!
The vampiric long sword hits you!!!
You block the vampire knight's attack! x2; The phantasmal warrior misses you!
You riposte!
You cut the phantasmal warrior into ribbons!!!
The phantasmal warrior convulses!
You take 17 damage, and have 184/234 hp!
You slice the vampire knight but do no damage!
The vampiric long sword hits you!!! The vampire hits your vampire!
The vampire bites your vampire!
You block the vampire knight's attack! x2
The phantasmal warrior completely misses you!
You take 16 damage, and have 168/234 hp!
You barely miss the vampire knight!
You block the vampiric long sword's attack!
The deep elf death mage beckons forth a restless soul!!!
Your vampire hits the vampire knight but does no damage!
Your vampire bites the vampire knight but does no damage!
The vampire hits your vampire! The vampire bites your vampire!
You closely miss the vampire knight!
You tail-slap the vampire knight, but do no damage!
The vampiric long sword hits you!!!!!!
The phantasmal warrior hits you!!!!!! * * * don't die
* * * You block the vampire knight's attack!
The vampire knight completely misses you!
Your vampire hits the vampire knight but does no damage!
Your vampire bites the vampire knight!
You take 54 damage, and have 115/234 hp!
MASSIVE DAMAGE!!!!!!
You begin to radiate toxic energy!
The deep elf death mage is poisoned!
You block the vampiric long sword's attack!
The vampire barely misses your vampire! x2
You block the phantasmal warrior's attack!
The deep elf death mage casts a spell at you!
The bolt of negative energy hits the phantasmal warrior!
The phantasmal warrior completely resists!
The bolt of negative energy misses you!
Your vampire hits the vampire knight!!!
Your vampire bites the vampire knight!
You now have 27/39 mp!
You completely miss the vampire knight!
You block the vampiric long sword's attack!
The vampire hits your vampire but does no damage!
The vampire bites your vampire!!!
Your vampire is destroyed!!!
The vampire knight is infused with unholy energy! * * * don't die
* * * The vampire knight draws life force from you and is healed!!!
The phantasmal warrior completely misses you!
You take 6 damage, and have 110/234 hp!
Unknown command!
Unknown command!
You miscast Passage of Golubria!
You are very lightly contaminated with residual magic!
Your skin tingles!
The vampiric long sword completely misses you!
The vampire knight casts a spell at you!
You suddenly lose the ability to move!!!
The vampiric long sword hits you!!! * * * don't die
* * * The phantasmal warrior hits you!!!!!! * * * don't die
* * * An eidolon comes into view!
The deep elf death mage casts a spell at you!
The bolt of negative energy hits the phantasmal warrior!
The phantasmal warrior completely resists!
Helpless, you fail to dodge the bolt of negative energy!
You partially resist!
You feel drained! * * * don't die
* * * The vampiric long sword hits you!!!!!! * * * don't die
* * * The vampire knight hits you with an enchanted great sword!!!!!! * * * don't die
* * * The vampire knight bites you!!! * * * don't die
* * * The vampire knight draws strength from your injuries!!!
The phantasmal warrior hits you! rip

*,, , #.8.8.....8.8.#
**
*{{,*#.............#,
{########.....#####,
*, #..#...#.....#...#
* #..#.............#
,*
,#......8.....8...#* *
* #................',
, *,#......8.....8...#
*,*
*,#.@(V.........V..# *
,#.WV...8.....8...# ,
,#e*#.............#*
**
*,#.*#...#.....#...#*
* ,
∆,,#..#####.....#####*
, ,, #W.#*,..........*
* *, , ...# .8.....8..
*,,,, ....#*
.........## * ,<....
####'''####


You could see a vampire knight (invisible), an eidolon, a deep elf death mage, a
phantasmal warrior, a vampire (invisible), 2 lost souls and a vampiric long
sword.

Notes
Turn   | Place    | Note
-------+----------+-------------------------------------------
     0 | D:1      | theanonym the Draconian Artificer began the quest for the Orb.
     0 | D:1      | Reached XP level 1. HP: 16/16 MP: 3/3
     1 | D:1      | Noticed an electric eel
   488 | D:1      | Reached XP level 2. HP: 22/23 MP: 4/4
   511 | D:1      | Reached skill level 2 in Short Blades
   511 | D:1      | Reached skill level 1 in Stealth
  1217 | D:2      | HP: 9/23 [kobold/short sword (5)]
  1446 | D:2      | Reached XP level 3. HP: 15/28 MP: 5/5
  1447 | D:2      | HP: 14/28 [poisoned by an adder]
  1834 | D:2      | Reached skill level 3 in Short Blades
  1936 | D:2      | Found a faded altar of an unknown god.
  2261 | D:2      | Reached XP level 4. HP: 35/35 MP: 6/6
  2287 | D:2      | Reached skill level 2 in Stealth
  2828 | D:3      | Found a snail-covered altar of Cheibriados.
  3222 | D:4      | Noticed Menkaure
  3229 | D:4      | Killed Menkaure
  3229 | D:4      | Reached skill level 4 in Short Blades
  3229 | D:4      | Reached skill level 1 in Shields
  3229 | D:4      | Reached XP level 5. HP: 40/40 MP: 7/7
  3320 | D:4      | Noticed Ijyb
  3323 | D:4      | Killed Ijyb
  3323 | D:4      | Reached skill level 3 in Stealth
  3323 | D:4      | Reached XP level 6. HP: 47/47 MP: 8/8
  3368 | D:4      | Found a staircase to the Ecumenical Temple.
  3377 | Temple   | Entered the Ecumenical Temple
  3452 | Temple   | Became a worshipper of Ashenzari the Shackled
  3510 | D:4      | Found Fintu's Gadget Shoppe.
  3511 | D:4      | Found Laps's General Store.
  3519 | D:4      | Bought a scroll of fear for 38 gold pieces
  3519 | D:4      | Bought a scroll of teleportation for 33 gold pieces
  3534 | D:4      | Found a sand-covered staircase.
  3599 | Ossuary  | Entered an ossuary
  3632 | Ossuary  | Reached skill level 2 in Shields
  3652 | Ossuary  | Reached skill level 5 in Short Blades
  4280 | D:4      | Your scales start taking on a glossy black colour.
  4280 | D:4      | Reached XP level 7. HP: 52/52 MP: 9/9
  4280 | D:4      | Gained mutation: You are resistant to electric shocks. (rElec) [Black Draconian growth]
  4540 | D:4      | Reached skill level 3 in Shields
  4611 | D:4      | Found a bloodstained altar of Trog.
  4615 | D:4      | Found an ornate altar of the Wu Jian Council.
  4620 | D:4      | Found a burning altar of Makhleb.
  4742 | D:4      | Found Moihuturch's Jewellery Shop.
  4787 | D:4      | Found Najos's Weapon Shop.
  4889 | D:5      | Entered Level 5 of the Dungeon
  4889 | D:5      | Noticed Sigmund
  4890 | D:5      | Killed Sigmund
  4890 | D:5      | Reached skill level 6 in Short Blades
  4890 | D:5      | Reached skill level 4 in Stealth
  4972 | D:5      | Noticed Prince Ribbit
  4973 | D:5      | Noticed Prince Ribbit
  4973 | D:5      | Prince Ribbit changed into Prince Ribbit the warg
  4977 | D:5      | Killed Prince Ribbit the warg
  5099 | D:5      | Reached XP level 8. HP: 59/59 MP: 10/10
  5274 | D:6      | Reached skill level 7 in Short Blades
  5274 | D:6      | Reached skill level 4 in Shields
  5474 | D:6      | Reached * piety under Ashenzari
  5483 | D:6      | Reached skill level 5 in Stealth
  5504 | D:6      | Found Esoshompamut's Food Shoppe.
  5521 | D:6      | Noticed Canard's ghost (novice DrBe)
  5543 | D:6      | HP: 28/58 [Canard's ghost (5)]
  5832 | D:6      | Reached skill level 8 in Short Blades
  6582 | D:7      | Found a shimmering altar of Xom.
  6608 | D:7      | HP: 29/58 [orc priest/divine providence (12)]
  6612 | D:7      | Reached skill level 6 in Stealth
  6623 | D:7      | Reached skill level 9 in Short Blades
  6880 | D:7      | HP: 24/58 [orc priest/divine providence (10)]
  6883 | D:7      | Reached XP level 9. HP: 26/63 MP: 5/11
  7366 | D:7      | HP: 31/63 [ogre/giant club (13)]
  8306 | D:8      | Upgraded the game from 0.21-a0-525-ga34b322 to 0.21-a0-528-gf531e82
  8334 | D:8      | Found Synix's Assorted Antiques.
  8353 | D:8      | Bought a scroll labeled KIDAIBR QIFUYR for 28 gold pieces
  8353 | D:8      | Bought a murky yellow potion for 25 gold pieces
  8353 | D:8      | Bought a purple potion for 25 gold pieces
  8353 | D:8      | Bought a potion of curing for 84 gold pieces
  8353 | D:8      | Bought a cloak for 126 gold pieces
  8409 | D:8      | Reached skill level 10 in Short Blades
  8531 | D:8      | Reached skill level 7 in Stealth
  8885 | D:8      | Reached ** piety under Ashenzari
  9201 | D:9      | Noticed Ijustatesigmund's ghost (journeyman HOAr)
  9566 | D:9      | Noticed a polar bear
  9575 | D:9      | Reached skill level 11 in Short Blades
  9589 | D:9      | HP: 25/63 [polar bear (14)]
  9831 | D:9      | Found a staircase to the Lair.
  9851 | D:9      | Reached XP level 10. HP: 71/71 MP: 12/12
  9901 | D:9      | Reached skill level 8 in Stealth
 10032 | D:9      | Reached skill level 2 in Fighting
 10305 | D:9      | HP: 54/111 [yak (9)]
 10310 | D:9      | Reached skill level 3 in Fighting
 10311 | D:9      | HP: 55/114 [poisoned by a killer bee]
 10316 | D:9      | HP: 54/114 [poisoned by a killer bee]
 10325 | D:9      | HP: 47/114 [poisoned by a killer bee]
 10335 | D:9      | HP: 47/114 [poisoned by a killer bee]
 10348 | D:9      | HP: 48/114 [poisoned by a killer bee]
 10360 | D:9      | HP: 48/114 [poisoned by a killer bee]
 10643 | D:9      | Reached skill level 12 in Short Blades
 10725 | D:9      | Reached skill level 4 in Fighting
 10823 | D:9      | Noticed Psyche
 10886 | Lair:1   | Entered Level 1 of the Lair of Beasts
 11052 | Lair:1   | Reached *** piety under Ashenzari
 11291 | Lair:1   | Reached skill level 9 in Stealth
 11728 | Lair:2   | Reached skill level 5 in Fighting
 11849 | Lair:2   | Noticed a spiny frog
 11856 | Lair:2   | Killed a spiny frog
 11918 | Lair:2   | Noticed a manticore
 11921 | Lair:2   | Found a staircase to the Shoals.
 11924 | Lair:2   | Noticed a fire crab
 11924 | Lair:2   | a manticore changed into a fire crab
 11926 | Lair:2   | Noticed a cyclops
 11926 | Lair:2   | a fire crab changed into a cyclops
 11928 | Lair:2   | HP: 36/80 [cyclops (16)]
 12027 | Lair:2   | Killed a cyclops
 12027 | Lair:2   | Reached skill level 4 in Evocations
 12612 | Lair:3   | Reached XP level 11. HP: 66/87 MP: 11/14
 12638 | Lair:3   | HP: 40/87 [yak (7)]
 12839 | Lair:3   | Reached **** piety under Ashenzari
 12839 | Lair:3   | Noticed an oklob plant
 12839 | Lair:3   | Noticed an oklob plant
 12862 | Lair:3   | Found a staircase to the Snake Pit.
 13081 | Lair:3   | Reached skill level 5 in Evocations
 13114 | Lair:3   | Noticed Fannar
 13119 | Lair:3   | Killed Fannar
 13119 | Lair:3   | Reached skill level 6 in Fighting
 13646 | Lair:3   | Noticed a death yak
 13648 | Lair:3   | Noticed a death yak
 13785 | Lair:3   | Noticed a death yak
 13786 | Lair:3   | Noticed a death yak
 13814 | Lair:3   | Noticed a death yak
 13840 | Lair:2   | HP: 38/88 [death yak (16)]
 13844 | Lair:2   | Killed a death yak
 13844 | Lair:2   | Reached skill level 6 in Evocations
 14152 | D:9      | HP: 33/90 [Ijustatesigmund's ghost (19)]
 14210 | D:7      | HP: 44/90 [bullfrog (4)]
 14478 | D:4      | Bought a wand of paralysis (11) for 182 gold pieces
 14478 | D:4      | Bought a lamp of fire for 560 gold pieces
 14675 | D:9      | Killed Psyche
 14976 | D:9      | Killed Ijustatesigmund's ghost
 14976 | D:9      | Reached skill level 7 in Fighting
 14976 | D:9      | Reached skill level 7 in Evocations
 15023 | D:10     | Entered Level 10 of the Dungeon
 15164 | D:10     | Reached skill level 10 in Stealth
 15194 | D:10     | Found a staircase to the Orcish Mines.
 15227 | D:10     | Noticed a two-headed ogre
 15238 | D:10     | Killed a two-headed ogre
 15238 | D:10     | Reached skill level 8 in Evocations
 15328 | D:10     | Noticed a two-headed ogre
 15342 | D:10     | Killed a two-headed ogre
 15495 | D:10     | HP: 44/93 [yak (5)]
 15508 | D:10     | HP: 44/93 [yak (2)]
 15514 | D:10     | Reached skill level 8 in Fighting
 15514 | D:10     | Reached XP level 12. HP: 41/100 MP: 11/18
 16500 | D:11     | Reached ***** piety under Ashenzari
 16691 | D:11     | HP: 47/100 [white ugly thing (6)]
 16698 | D:11     | Reached skill level 9 in Evocations
 17009 | D:11     | Found Mynkahu's Armour Emporium.
 17270 | D:11     | Learned a level 2 spell: Blink
 17275 | D:11     | Learned a level 4 spell: Passage of Golubria
 17824 | D:12     | Reached skill level 1 in Spellcasting
 17824 | D:12     | Reached skill level 1 in Translocations
 17889 | D:12     | Found a frozen archway.
 17983 | IceCv    | Entered an ice cave
 17988 | IceCv    | Learned a level 2 spell: Shroud of Golubria
 18269 | IceCv    | HP: 44/102 [yak (8)]
 18278 | IceCv    | HP: 34/102 [yak (11)]
 18749 | IceCv    | Reached skill level 2 in Dodging
 18749 | IceCv    | Reached skill level 10 in Evocations
 18756 | IceCv    | Noticed a death yak
 18772 | IceCv    | Reached skill level 9 in Fighting
 18813 | IceCv    | Reached skill level 11 in Stealth
 18900 | IceCv    | HP: 51/103 [death yak (11)]
 18901 | IceCv    | Killed a death yak
 19191 | IceCv    | Reached skill level 3 in Dodging
 19446 | IceCv    | Noticed a frost giant
 19446 | IceCv    | Noticed a death yak
 19457 | IceCv    | Killed a death yak
 19466 | IceCv    | Killed a frost giant
 19466 | IceCv    | Reached skill level 4 in Dodging
 19780 | D:12     | Reached skill level 10 in Fighting
 20025 | D:12     | Reached XP level 13. HP: 112/112 MP: 20/20
 20453 | D:12     | Noticed Gastronok
 20456 | D:12     | Killed Gastronok
 20485 | D:12     | Reached skill level 5 in Dodging
 20871 | D:12     | Noticed Kirke
 20920 | D:12     | Killed Kirke
 21162 | Orc:1    | Entered Level 1 of the Orcish Mines
 21168 | Orc:1    | Noticed an ettin
 21271 | Orc:1    | Killed an ettin
 21271 | Orc:1    | Reached skill level 12 in Stealth
 21763 | Orc:1    | Found a roughly hewn altar of Beogh.
 22376 | Lair:3   | Reached skill level 11 in Fighting
 22875 | Lair:3   | HP: 53/115 [oklob plant/splash of acid (15)]
 22875 | Lair:3   | HP: 24/115 [acid (9)]
 23192 | Lair:4   | Reached skill level 6 in Dodging
 24823 | Lair:4   | Reached skill level 7 in Dodging
 25142 | Lair:4   | Reached ****** piety under Ashenzari
 25419 | Lair:4   | Gained mutation: Your large and strong wings let you fly indefinitely. [Black Draconian growth]
 25419 | Lair:4   | Reached XP level 14. HP: 123/124 MP: 21/21
 25743 | Lair:5   | Reached skill level 12 in Fighting
 25867 | Lair:5   | Reached skill level 13 in Stealth
 26055 | Lair:5   | HP: 62/125 [fire crab (12)]
 26062 | Lair:4   | HP: 31/125 [hippogriff (6)]
 26069 | Lair:4   | HP: 36/126 [fire crab] (3)]
 26975 | Lair:6   | Entered Level 6 of the Lair of Beasts
 27290 | Lair:6   | Reached skill level 5 in Shields
 27414 | Lair:6   | HP: 61/127 [komodo dragon (14)]
 27419 | Lair:6   | HP: 42/127 [poisoned by a guardian serpent (bolt of poison)]
 27425 | Lair:6   | HP: 41/127 [poisoned by a guardian serpent (bolt of poison)]
 27431 | Lair:5   | HP: 41/127 [poisoned by a guardian serpent (bolt of poison)]
 27439 | Lair:5   | HP: 42/127 [poisoned by a guardian serpent (bolt of poison)]
 27874 | Lair:5   | HP: 63/127 [poisoned by a black mamba]
 27880 | Lair:5   | HP: 60/127 [poisoned by a black mamba]
 27886 | Lair:5   | HP: 58/127 [poisoned by a black mamba]
 27891 | Lair:5   | HP: 58/127 [poisoned by a black mamba]
 27898 | Lair:5   | HP: 58/127 [poisoned by a black mamba]
 27906 | Lair:5   | HP: 58/127 [poisoned by a black mamba]
 28383 | Lair:6   | Found a runed door.
 28471 | Lair:6   | Identified the +8 trident of Soug {pierce, Str+2 Int+4 Dex-3 SInv}
 28491 | Lair:6   | Reached skill level 13 in Fighting
 28508 | Lair:6   | Reached skill level 6 in Shields
 28593 | Lair:6   | HP: 56/129 [hornet (9)]
 29104 | Lair:6   | Found a staircase to the Slime Pits.
 29630 | Lair:6   | HP: 52/129 [death yak (16)]
 29635 | Lair:6   | HP: 42/129 [death yak (1)]
 29639 | Lair:6   | Reached skill level 14 in Stealth
 29644 | Lair:6   | HP: 32/129 [death yak (7)]
 29654 | Lair:6   | HP: 26/193 [death yak (1)]
 30051 | Lair:6   | Reached skill level 7 in Shields
 30232 | Lair:6   | Learned a level 4 spell: Olgreb's Toxic Radiance
 30236 | Lair:6   | Learned a level 3 spell: Mephitic Cloud
 30361 | Lair:6   | Reached XP level 15. HP: 135/136 MP: 22/22
 31171 | Lair:3   | HP: 63/137 [death yak (24)]
 31181 | Lair:3   | Reached skill level 1 in Poison Magic
 31744 | Orc:2    | Entered Level 2 of the Orcish Mines
 31793 | Orc:2    | Found a staircase to the Elven Halls.
 31878 | Orc:2    | Reached skill level 2 in Spellcasting
 32100 | Orc:2    | Found Roezekos's Armour Shoppe.
 32215 | Orc:2    | HP: 68/137 [sun demon[an orc sorcerer] (10)]
 32507 | Orc:2    | Reached skill level 2 in Poison Magic
 32661 | Orc:2    | Found Huowelyn's Antique Weapon Shoppe.
 32662 | Orc:2    | Found Ving's Book Boutique.
 32676 | Orc:2    | Found Qaedwublui's Magic Scroll Boutique.
 32700 | Orc:2    | Bought a scroll of acquirement for 624 gold pieces
 32855 | Orc:2    | Reached skill level 14 in Fighting
 33040 | Orc:2    | Reached skill level 3 in Spellcasting
 33286 | Orc:2    | Bought a scroll of remove curse for 36 gold pieces
 33580 | Snake:1  | Entered Level 1 of the Snake Pit
 33629 | Snake:1  | Reached skill level 3 in Poison Magic
 34102 | Snake:1  | Identified the Grimoire of Conjuration
 34746 | Snake:1  | Reached skill level 4 in Poison Magic
 34748 | Snake:1  | Reached skill level 4 in Spellcasting
 35533 | Snake:2  | Reached skill level 1 in Air Magic
 35534 | Snake:2  | HP: 67/139 [black mamba (8)]
 35540 | Snake:2  | HP: 67/139 [poisoned by a naga (splash of poison)]
 35548 | Snake:2  | HP: 68/139 [poisoned by a naga (splash of poison)]
 35621 | Snake:2  | HP: 68/139 [salamander/halberd (9)]
 36555 | Snake:2  | Reached skill level 8 in Shields
 36634 | Snake:2  | Reached skill level 8 in Dodging
 37327 | Snake:3  | Reached XP level 16. HP: 92/147 MP: 11/23
 37704 | Snake:3  | Reached skill level 5 in Spellcasting
 38069 | Snake:3  | Reached skill level 15 in Stealth
 38483 | Snake:3  | Noticed Vashnia
 38503 | Snake:3  | Reached skill level 1 in Charms
 38509 | Snake:3  | HP: 62/147 [Vashnia/bolt (27)]
 38515 | Snake:3  | HP: 52/220 [Vashnia/bolt (13)]
 38519 | Snake:3  | Killed Vashnia
 38519 | Snake:3  | Reached skill level 9 in Shields
 38524 | Snake:3  | HP: 32/147 [poisoned by a naga sharpshooter (splash of poison)]
 38529 | Snake:3  | HP: 33/147 [poisoned by a naga sharpshooter (splash of poison)]
 38888 | Snake:3  | Noticed Nikola
 38923 | Snake:3  | Killed Nikola
 38923 | Snake:3  | Reached skill level 2 in Charms
 38940 | Snake:3  | HP: 70/147 [shock serpent/bolt of electricity (7)]
 38953 | Snake:3  | HP: 33/147 [black mamba (7)]
 38960 | Snake:3  | HP: 30/147 [poisoned by a black mamba]
 38965 | Snake:3  | HP: 28/147 [poisoned by a black mamba]
 38970 | Snake:3  | HP: 27/147 [poisoned by a black mamba]
 38975 | Snake:3  | HP: 26/147 [poisoned by a black mamba]
 38982 | Snake:3  | HP: 27/147 [poisoned by a black mamba]
 38990 | Snake:3  | HP: 28/147 [poisoned by a black mamba]
 39471 | Snake:3  | HP: 70/147 [bounced beam (6)]
 39476 | Snake:3  | HP: 61/147 [poisoned by a guardian serpent (bolt of poison)]
 39482 | Snake:3  | HP: 59/147 [poisoned by a guardian serpent (bolt of poison)]
 39489 | Snake:3  | HP: 58/147 [poisoned by a guardian serpent (bolt of poison)]
 39496 | Snake:3  | HP: 59/147 [poisoned by a guardian serpent (bolt of poison)]
 39504 | Snake:3  | HP: 59/147 [poisoned by a guardian serpent (bolt of poison)]
 39836 | Snake:3  | Noticed Aizul
 39840 | Snake:3  | Killed Aizul
 39989 | Snake:3  | Reached skill level 15 in Fighting
 40620 | Snake:3  | Reached skill level 10 in Shields
 41005 | Orc:2    | Bought a book of Enchantments for 700 gold pieces
 41012 | Orc:2    | Learned a level 6 spell: Deflect Missiles
 42536 | D:13     | Found a gate to the Vaults.
 42592 | D:13     | Learned a level 1 spell: Apportation
 42596 | D:13     | Learned a level 3 spell: Lesser Beckoning
 42729 | D:14     | Noticed Frances
 42745 | D:13     | HP: 74/149 [gargoyle/stone arrow (19)]
 43020 | D:14     | Killed Frances
 43131 | D:14     | Noticed Azrael
 43319 | Shoals:1 | Entered Level 1 of the Shoals
 43319 | Shoals:1 | Identified the ring "Yxtoeneo" {rF+ Stlth+}
 43320 | Shoals:1 | Found a transporter.
 43322 | Shoals:1 | Identified the ring "Qiezawas" {Str+4 SInv}
 43747 | Shoals:1 | Reached skill level 11 in Shields
 44232 | Shoals:1 | HP: 71/149 [merfolk/tomahawk (20)]
 44240 | Shoals:1 | HP: 58/149 [merfolk impaler/trident of freezing (16)]
 44246 | Shoals:1 | HP: 39/149 [merfolk/trident (11)]
 44838 | Shoals:1 | Found a transporter.
 45061 | Shoals:1 | HP: 65/149 [merfolk/tomahawk (15)]
 45624 | Snake:3  | HP: 70/149 [naga warrior/enchanted mace (5)]
 45629 | Snake:3  | HP: 49/149 [poisoned by a naga warrior (splash of poison)]
 45635 | Snake:3  | HP: 46/149 [poisoned by a naga warrior (splash of poison)]
 45640 | Snake:3  | HP: 44/149 [poisoned by a naga warrior (splash of poison)]
 45646 | Snake:3  | HP: 42/149 [poisoned by a naga warrior (splash of poison)]
 45653 | Snake:3  | HP: 41/149 [poisoned by a naga warrior (splash of poison)]
 45660 | Snake:3  | HP: 42/149 [poisoned by a naga warrior (splash of poison)]
 45668 | Snake:3  | HP: 42/149 [poisoned by a naga warrior (splash of poison)]
 45958 | Orc:2    | Bought a +2 cloak for 264 gold pieces
 45958 | Orc:2    | Bought a +2 pair of gloves of archery for 344 gold pieces
 46473 | Orc:2    | Bought a scroll of enchant armour for 90 gold pieces
 46473 | Orc:2    | Bought a scroll of teleportation for 36 gold pieces
 46473 | Orc:2    | Bought a scroll of teleportation for 36 gold pieces
 46958 | Shoals:2 | Reached skill level 12 in Shields
 47174 | Shoals:2 | Reached XP level 17. HP: 91/156 MP: 24/24
 47418 | Shoals:2 | Reached skill level 2 in Air Magic
 48002 | Shoals:3 | HP: 78/156 [merfolk javelineer/javelin (2)]
 48011 | Shoals:3 | HP: 62/156 [merfolk javelineer/javelin (18)]
 48222 | Shoals:3 | Reached skill level 3 in Air Magic
 48495 | Shoals:3 | HP: 67/156 [merfolk impaler/trident of protection (14)]
 48770 | Shoals:3 | Noticed a kraken
 48794 | Shoals:3 | Killed a kraken
 49171 | Shoals:3 | HP: 78/156 [sea snake (17)]
 49176 | Shoals:3 | HP: 70/156 [poisoned by a sea snake]
 49181 | Shoals:3 | HP: 61/156 [poisoned by a sea snake]
 49186 | Shoals:3 | HP: 53/156 [poisoned by a sea snake]
 49191 | Shoals:3 | HP: 48/156 [poisoned by a sea snake]
 49196 | Shoals:3 | HP: 45/156 [poisoned by a sea snake]
 49202 | Shoals:3 | HP: 43/156 [poisoned by a sea snake]
 49209 | Shoals:3 | HP: 42/156 [poisoned by a sea snake]
 49216 | Shoals:3 | HP: 43/156 [poisoned by a sea snake]
 49224 | Shoals:3 | HP: 44/156 [poisoned by a sea snake]
 49664 | Shoals:3 | Reached skill level 4 in Air Magic
 50020 | Snake:4  | Entered Level 4 of the Snake Pit
 50037 | Snake:4  | Reached skill level 3 in Charms
 50055 | Snake:4  | Noticed Jorgrun
 50197 | Snake:3  | Killed Jorgrun
 50223 | Snake:4  | Noticed Asterion
 50225 | Snake:4  | Killed Asterion
 50225 | Snake:4  | Reached skill level 9 in Dodging
 50600 | Snake:4  | Reached skill level 5 in Air Magic
 50612 | Snake:4  | HP: 78/157 [poisoned by a naga mage (bolt of poison)]
 50617 | Snake:4  | HP: 74/157 [poisoned by a naga mage (bolt of poison)]
 50622 | Snake:4  | HP: 68/157 [poisoned by a naga mage (bolt of poison)]
 50627 | Snake:4  | HP: 65/157 [poisoned by a naga mage (bolt of poison)]
 50632 | Snake:4  | HP: 63/157 [poisoned by a naga mage (bolt of poison)]
 50638 | Snake:4  | HP: 62/157 [poisoned by a naga mage (bolt of poison)]
 50644 | Snake:4  | HP: 62/157 [poisoned by a naga mage (bolt of poison)]
 50652 | Snake:4  | HP: 63/157 [poisoned by a naga mage (bolt of poison)]
 50971 | Snake:4  | HP: 77/157 [naga sharpshooter/bolt (11)]
 50978 | Snake:4  | HP: 40/157 [nagaraja/whip of distortion (10)]
 50984 | Snake:4  | Reached skill level 4 in Charms
 51665 | Snake:4  | Reached skill level 6 in Air Magic
 51999 | Snake:4  | Reached skill level 16 in Stealth
 52241 | Snake:4  | Reached skill level 5 in Charms
 52627 | Snake:4  | Reached skill level 7 in Air Magic
 53088 | Snake:4  | Reached XP level 18. HP: 127/166 MP: 26/26
 53101 | Snake:4  | HP: 76/166 [anaconda (11)]
 53106 | Snake:4  | HP: 67/166 [poisoned by a naga ritualist (toxic radiance)]
 53111 | Snake:4  | HP: 57/166 [poisoned by a naga ritualist (toxic radiance)]
 53117 | Snake:4  | HP: 55/166 [poisoned by a naga ritualist (toxic radiance)]
 53122 | Snake:4  | HP: 52/166 [poisoned by a naga ritualist (toxic radiance)]
 53127 | Snake:4  | HP: 48/166 [poisoned by a naga ritualist (toxic radiance)]
 53133 | Snake:4  | HP: 47/166 [poisoned by a naga ritualist (toxic radiance)]
 53140 | Snake:4  | HP: 46/166 [poisoned by a naga ritualist (toxic radiance)]
 53147 | Snake:4  | HP: 47/166 [poisoned by a naga ritualist (toxic radiance)]
 53155 | Snake:4  | HP: 48/166 [poisoned by a naga ritualist (toxic radiance)]
 53521 | Snake:4  | HP: 76/166 [guardian serpent (13)]
 53526 | Snake:4  | HP: 74/166 [poisoned by a guardian serpent (bolt of poison)]
 53531 | Snake:4  | HP: 73/166 [poisoned by a guardian serpent (bolt of poison)]
 53536 | Snake:4  | HP: 73/166 [poisoned by a guardian serpent (bolt of poison)]
 53543 | Snake:4  | HP: 73/166 [poisoned by a guardian serpent (bolt of poison)]
 53551 | Snake:4  | HP: 74/166 [poisoned by a guardian serpent (bolt of poison)]
 53981 | Snake:4  | Reached skill level 6 in Charms
 53981 | Snake:4  | Reached skill level 8 in Air Magic
 54064 | Snake:4  | Reached skill level 6 in Spellcasting
 54668 | Snake:4  | HP: 82/166 [poisoned by a naga ritualist (toxic radiance)]
 54673 | Snake:4  | HP: 75/166 [poisoned by a naga ritualist (toxic radiance)]
 54678 | Snake:4  | HP: 64/166 [poisoned by a naga ritualist (toxic radiance)]
 54682 | Snake:4  | HP: 31/166 [poisoned by a naga ritualist (toxic radiance)]
 54687 | Snake:4  | HP: 32/166 [poisoned by a naga ritualist (splash of poison)]
 54693 | Snake:4  | HP: 30/166 [poisoned by a naga ritualist (splash of poison)]
 54698 | Snake:4  | HP: 29/166 [poisoned by a naga ritualist (splash of poison)]
 54704 | Snake:4  | HP: 29/166 [poisoned by a naga ritualist (splash of poison)]
 54712 | Snake:4  | HP: 30/166 [poisoned by a naga ritualist (splash of poison)]
 55182 | Snake:4  | Reached skill level 9 in Air Magic
 55224 | Snake:4  | Got a serpentine rune of Zot
 55710 | Shoals:4 | Entered Level 4 of the Shoals
 55807 | Shoals:4 | Noticed Ilsuiw
 55835 | Shoals:3 | Killed Ilsuiw
 55835 | Shoals:3 | Reached skill level 7 in Charms
 55999 | Shoals:4 | Identified the cursed ring "Cidd" {-Tele rElec AC-3 Str+4 Stlth+} (You took it off a merfolk on level 4 of the Shoals)
 56191 | Shoals:4 | Reached skill level 10 in Air Magic
 56336 | Shoals:4 | Found Meehet's Armour Shoppe.
 56610 | Shoals:4 | Reached skill level 7 in Spellcasting
 56696 | Shoals:4 | HP: 83/166 [water nymph (4)]
 56733 | Shoals:4 | HP: 71/166 [satyr/arrow (15)]
 56773 | Shoals:4 | HP: 75/166 [water elemental (4)]
 57395 | Shoals:4 | Reached skill level 8 in Spellcasting
 57524 | Shoals:4 | HP: 77/166 [merfolk javelineer/javelin of returning (19)]
 58227 | Shoals:4 | HP: 60/166 [tentacle[a kraken] (25)]
 58232 | Shoals:4 | Reached skill level 9 in Spellcasting
 58246 | Shoals:4 | HP: 57/166 [shot self (8)]
 58846 | Shoals:4 | Got a barnacled rune of Zot
 58871 | Shoals:4 | HP: 78/166 [tentacle[a kraken] (24)]
 59409 | D:14     | Found a viscous altar of Jiyva.
 59557 | D:14     | Killed Azrael
 59830 | D:15     | Entered Level 15 of the Dungeon
 59920 | D:15     | Noticed Sonja
 59927 | D:15     | Killed Sonja
 59942 | D:15     | Reached skill level 10 in Spellcasting
 59951 | D:15     | HP: 81/166 [eight-headed hydra (7)]
 60252 | D:15     | Reached skill level 5 in Poison Magic
 60264 | D:15     | Learned a level 4 spell: Summon Lightning Spire
 60293 | D:15     | Reached skill level 16 in Fighting
 60413 | D:15     | Noticed Urug
 60419 | D:15     | Killed Urug
 60419 | D:15     | Reached XP level 19. HP: 172/172 MP: 33/33
 60521 | D:15     | Found a portal to a secret trove of treasure.
 60628 | D:15     | Noticed Rupert
 60846 | D:15     | Found a staircase to the Depths.
 61027 | D:15     | Learned a level 3 spell: Regeneration
 62126 | D:15     | Killed Rupert
 62689 | Vaults:1 | Entered Level 1 of the Vaults
 63011 | Vaults:1 | Reached skill level 1 in Necromancy
 63092 | Vaults:1 | HP: 86/172 [poisoned by a green ugly thing]
 63395 | Vaults:1 | Reached skill level 10 in Dodging
 63464 | Vaults:1 | HP: 82/172 [ogre mage/halberd (17)]
 64155 | Vaults:1 | Found Daewufum's Magic Scroll Shoppe.
 64574 | Vaults:2 | Reached skill level 17 in Stealth
 65132 | Vaults:2 | Reached skill level 18 in Stealth
 65349 | Vaults:2 | Reached skill level 11 in Air Magic
 65349 | Vaults:2 | Reached XP level 20. HP: 98/181 MP: 25/34
 66272 | Vaults:2 | Reached XP level 21. HP: 112/189 MP: 33/35
 66278 | Vaults:2 | HP: 94/189 [poisoned by a redback]
 66283 | Vaults:2 | HP: 85/189 [poisoned by a redback]
 66288 | Vaults:2 | HP: 80/189 [poisoned by a redback]
 66293 | Vaults:2 | HP: 77/189 [poisoned by a redback]
 66298 | Vaults:2 | HP: 75/189 [poisoned by a redback]
 66304 | Vaults:2 | HP: 75/189 [poisoned by a redback]
 66310 | Vaults:2 | HP: 75/189 [poisoned by a redback]
 66318 | Vaults:2 | HP: 76/189 [poisoned by a redback]
 66625 | Vaults:2 | Reached skill level 8 in Charms
 66900 | Vaults:3 | Reached skill level 6 in Poison Magic
 66995 | Vaults:3 | Found Lusu's Food Boutique.
 67001 | Vaults:3 | Bought a bread ration for 50 gold pieces
 67001 | Vaults:3 | Bought a bread ration for 50 gold pieces
 67001 | Vaults:3 | Bought a royal jelly for 20 gold pieces
 67001 | Vaults:3 | Bought a bread ration for 50 gold pieces
 67001 | Vaults:3 | Bought a bread ration for 50 gold pieces
 67001 | Vaults:3 | Bought a meat ration for 50 gold pieces
 67001 | Vaults:3 | Bought a royal jelly for 20 gold pieces
 67347 | Vaults:3 | Identified the +5 hunting sling of Popular Demand {freeze, MR+}
 67515 | Vaults:3 | Found the +0 mask of the Dragon {MR+ Slay+3 SInv}
 67683 | Vaults:3 | Reached skill level 7 in Poison Magic
 67857 | Vaults:3 | Identified the Guide on Dislocation and Execration
 68264 | Vaults:3 | Reached skill level 9 in Charms
 68271 | Vaults:3 | Found a staircase to the Crypt.
 68513 | Vaults:4 | Reached skill level 19 in Stealth
 68595 | Vaults:4 | Reached skill level 17 in Fighting
 68841 | Vaults:4 | Identified the ring "Zusor" {Ice Int+2}
 68952 | Vaults:4 | Learned a level 3 spell: Ignite Poison
 69309 | Vaults:4 | Identified the +8 mace "Juse" {crush, Dex+6}
 69371 | Vaults:4 | HP: 64/191 [frost giant/battleaxe of freezing (36)]
 69372 | Vaults:4 | Reached skill level 1 in Transmutations
 69372 | Vaults:4 | Reached skill level 1 in Fire Magic
 69378 | Vaults:4 | HP: 47/191 [frost giant/bolt of cold (15)]
 69383 | Vaults:4 | Reached skill level 8 in Poison Magic
 69968 | Vaults:4 | Reached XP level 22. HP: 159/200 MP: 16/36
 70542 | Vaults:4 | Reached skill level 10 in Charms
 70548 | Vaults:4 | Reached skill level 9 in Poison Magic
 70821 | Elf:1    | Entered Level 1 of the Elven Halls
 71014 | Elf:1    | Identified the cursed amulet of Wysoaq {Harm *Drain Int+3} (You acquired it on level 1 of the Elven Halls)
 71183 | Elf:1    | Identified Vehumet's Grimoire of Conjuration
 71779 | Elf:1    | Identified the +5 falchion "Qucliq" {holy, rC++ Dex+4}
 72079 | Elf:2    | Found a runed gate.
 72096 | Elf:2    | Found a runed gate.
 72097 | Elf:2    | Found a runed gate.
 72293 | Elf:2    | Found Bareps's Armour Emporium.
 72529 | Elf:2    | Reached skill level 18 in Fighting
 73065 | Elf:2    | Reached skill level 10 in Poison Magic
 73405 | Elf:2    | HP: 98/202 [halberd of pain (11)]
 73410 | Elf:2    | HP: 94/202 [poisoned by a war axe of venom]
 73415 | Elf:2    | HP: 94/202 [poisoned by a war axe of venom]
 73420 | Elf:2    | HP: 96/202 [poisoned by a war axe of venom]
 73425 | Elf:2    | HP: 99/202 [poisoned by a war axe of venom]
 73984 | Elf:3    | Entered Level 3 of the Elven Halls
 74162 | Elf:3    | Iwannabefree: привет комрад
 74163 | Elf:3    | Reached skill level 20 in Stealth
 74180 | Elf:3    | Iwannabefree: чо у тебя так много ас
 74196 | Elf:3    | Iwannabefree: ты ж ссаный дракон
 74197 | Elf:3    | theanonym: Шкура толстая
 74197 | Elf:3    | Iwannabefree: а
 74197 | Elf:3    | Iwannabefree: 22 лвл
 74197 | Elf:3    | Iwannabefree: ок
 74224 | Elf:3    | Iwannabefree: эльфы после депсов чтоли
 74235 | Elf:3    | Iwannabefree: делаешь
 74235 | Elf:3    | theanonym: До
 74235 | Elf:3    | Iwannabefree: после вольтов
 74235 | Elf:3    | Iwannabefree: хех
 74235 | Elf:3    | Iwannabefree: до надо...
 74235 | Elf:3    | Iwannabefree: чтобы от лута эльфийского больше пользы было
 74235 | Elf:3    | theanonym: Я забываю про них всегда
 74235 | Elf:3    | Iwannabefree: про орков тоже забываешь?
 74244 | Elf:3    | theanonym: К оркам до леира иду
 74244 | Elf:3    | theanonym: Первый этаэ
 74344 | Elf:3    | Iwannabefree: зачем...
 74460 | Elf:3    | jacquesderrida: Эльфы дебсы
 74750 | Elf:3    | Iwannabefree: ебать ты аманимус натабал за два месяца
 74772 | Elf:3    | Iwannabefree: а я думал я тут самый аутист был
 74919 | Elf:3    | Iwannabefree: !greatrole theanonym fi
 74919 | Elf:3    | theanonym: У дракона резистов вечно нет нихрена
 74919 | Elf:3    | beem: Unwon fighters for theanonym: BaFi, DEFi, FeFi, GnFi, HaFi, HuFi, KoFi, MfFi, MuFi, NaFi, OgFi, OpFi, SpFi, TeFi, TrFi
 74919 | Elf:3    | Iwannabefree: эльфы лучшие персонажи додзинсей
 74919 | Elf:3    | Iwannabefree: особенно темные...
 74919 | Elf:3    | theanonym: !decentplayer
 74919 | Elf:3    | theanonym: !polytheist
 74919 | Elf:3    | beem: theanonym is a decent player. 10 oneandwon wins.
 74919 | Elf:3    | Iwannabefree: с большими сисечками и загорелой блестящей кожей...
 74919 | Elf:3    | beem: Unwon gods for theanonym: Xom
 74919 | Elf:3    | Iwannabefree: !decentplayer
 74919 | Elf:3    | beem: Iwannabefree is a decent player. 19 oneandwon wins.
 74919 | Elf:3    | Iwannabefree: !oneandwon
 74919 | Elf:3    | beem: Chars won first try for Iwannabefree: CeFi, DDFi, DsAM, DsWz, FeWz, GrIE, HEAE, HEWz, HuSu, MiMo, OgAs, TeMo, VpAs, VpBe, VpCK, VpEE, VpSu, VpVM, VpWz
 74919 | Elf:3    | theanonym: !oneandwon
 74919 | Elf:3    | Iwannabefree: спорим у тебя ванэндвоны хуже!
 74919 | Elf:3    | beem: Chars won first try for theanonym: CeFi, DrFi, DsAs, DsGl, GhFi, GrMo, HaGl, MiWn, NaAr, VpFi
 74919 | Elf:3    | Iwannabefree: минотаберы одни
 74919 | Elf:3    | Iwannabefree: хех
 74919 | Elf:3    | theanonym: Я сейчас 3й раз магом играю
 74919 | Elf:3    | theanonym: За всё время
 74919 | Elf:3    | Iwannabefree: слабо февз или впцк сделать
 74919 | Elf:3    | theanonym: Просто напрягает постоянно ману регенить
 74919 | Elf:3    | Iwannabefree: а хп не напрягает
 75239 | Depths:1 | Entered Level 1 of the Depths
 75239 | Depths:1 | Found a one-way gate to the infinite horrors of the Abyss.
 75239 | Depths:1 | Noticed a golden dragon
 75249 | D:15     | theanonym: Нет
 75249 | D:15     | Iwannabefree: а чо утебя рапира то
 75249 | D:15     | theanonym: Мне рано в депы
 75249 | D:15     | Iwannabefree: ты ж кастер
 75249 | D:15     | Iwannabefree: костер
 75249 | D:15     | Iwannabefree: так падажжи...
 75249 | D:15     | theanonym: Вроде милишник
 75249 | D:15     | Iwannabefree: хули ты костер ашензари
 75249 | D:15     | Iwannabefree: еще и без спека в лонги...
 75249 | D:15     | Iwannabefree: ты што бака
 75249 | D:15     | Iwannabefree: 10 чармов...
 75249 | D:15     | Iwannabefree: ойбляяяяяяяяя
 75249 | D:15     | Iwannabefree: #
 75249 | D:15     | theanonym: Скимитар что ли взять?
 75249 | D:15     | Iwannabefree: грейт
 75249 | D:15     | theanonym: Без щита пробьют же
 75249 | D:15     | Iwannabefree: щит говно
 75249 | D:15     | Iwannabefree: ненужное
 75249 | D:15     | Iwannabefree: если есть инвиз
 75249 | D:15     | Iwannabefree: учи инвиз
 75249 | D:15     | Iwannabefree: !
 75249 | D:15     | theanonym: Нету
 75249 | D:15     | Iwannabefree: ха лох
 75249 | D:15     | theanonym: А чармы куда?
 75249 | D:15     | Iwannabefree: БЛЯяяяяяяяяяЯяя
 75249 | D:15     | theanonym: У меня только дефлект и реген
 75249 | D:15     | theanonym: 10 хватает
 75249 | D:15     | Iwannabefree: жди
 75249 | D:15     | Iwannabefree: щас я тебе покажу как должен выглядеть гибридный чар
 75249 | D:15     | Iwannabefree: то что ты пытаешься сделать
 75249 | D:15     | Iwannabefree: http://crawl.xtahua.com/crawl/morgue/Iwannabefree/morgue-Iwannabefree-20170225-133745.txt
 75249 | D:15     | Iwannabefree: спектрал
 75249 | D:15     | Iwannabefree: сало
 75249 | D:15     | Iwannabefree: реген
 75249 | D:15     | Iwannabefree: и какой-то хайлевел спелл
 75249 | D:15     | Iwannabefree: чтобы пиздить им зот
 75249 | D:15     | Iwannabefree: тентакль в данном случае
 75249 | D:15     | Iwannabefree: торнадо пойдет
 75249 | D:15     | Iwannabefree: двуруч обязательно
 75249 | D:15     | Iwannabefree: с одноручем дамага нихуя не будет
 75249 | D:15     | Iwannabefree: плюс с двуручем спектралка сильнее
 75249 | D:15     | theanonym: Торнадо не нашёл
 75249 | D:15     | Iwannabefree: тетнтаклю ищи
 75249 | D:15     | theanonym: У чёрного дракона бонус к воздуху
 75249 | D:15     | Iwannabefree: или шарики хотя бы
 75249 | D:15     | theanonym: Вот скимитар надо взять
 75249 | D:15     | p0werm0de: https://www.reddit.com/r/dcss/comments/7husz1/virgin_formicid_and_chad_wyrmbane/
 75249 | D:15     | Iwannabefree: скимитар не дамажит
 75249 | D:15     | Iwannabefree: после лейра
 75249 | D:15     | Iwannabefree: грейт бери
 75249 | D:15     | Iwannabefree: или дабл на крайняк раз тебе так страшно без щита
 75249 | D:15     | Iwannabefree: хотя с 26 ев будет заебись
 75249 | D:15     | Iwannabefree: без щита
 75249 | D:15     | Iwannabefree: http://crawl.xtahua.com/crawl/morgue/Iwannabefree/morgue-Iwannabefree-20170302-040127.txt
 75249 | D:15     | Iwannabefree: вот через эир
 75249 | D:15     | Iwannabefree: экшули у меня почти каждая игра так шла
 75249 | D:15     | theanonym: Кстати да, даблсворд же редкий
 75249 | D:15     | Iwannabefree: через легкий армор двуруч и гибридную раскачку с доджем файтом и лонгами и магией
 75480 | Elf:2    | theanonym: Спектрал вепон надо
 75517 | Elf:2    | Iwannabefree: имба вещ да
 75517 | Elf:2    | Iwannabefree: прожми кнопку аши
 75517 | Elf:2    | Iwannabefree: с шортов эксп
 75518 | Elf:2    | theanonym: Норм
 75518 | Elf:2    | Iwannabefree: аквариментов нет?
 75518 | Elf:2    | Iwannabefree: так блять
 75518 | Elf:2    | Iwannabefree: хули пондер не куплен
 75518 | Elf:2    | Iwannabefree: ты чо блять
 75518 | Elf:2    | Iwannabefree: ты чо ты чо
 75518 | Elf:2    | theanonym: Конечно нет, смысл таскать их
 75518 | Elf:2    | theanonym: Зачем мне замедление?
 75518 | Elf:2    | Iwannabefree: там
 75518 | Elf:2    | Iwannabefree: ИНТ
 75518 | Elf:2    | Iwannabefree: ВИДИШЬ ИНТ?
 75518 | Elf:2    | Iwannabefree: ВИДИШЬ МАГРЕЗ?
 75518 | Elf:2    | theanonym: У меня и так шапка с мр
 75518 | Elf:2    | theanonym: -0.1 скорость это же жопа
 75518 | Elf:2    | Iwannabefree: ЭТА ШАПКА ЛУЧШЕЕ ЧТО тебе МОГ ДАТЬ РаНДОМ
 75518 | Elf:2    | Iwannabefree: СРАТЬ НА СКОРОСТЬ
 75518 | Elf:2    | Iwannabefree: это могло быть актуально в лейре
 75518 | Elf:2    | Iwannabefree: но не сейчас
 75518 | Elf:2    | theanonym: Забьют же в депах
 75518 | Elf:2    | Iwannabefree: по секрету
 75518 | Elf:2    | Iwannabefree: все кто может тебя там ебнуть
 75518 | Elf:2    | theanonym: Я играл лягушкой, пытаешься уйти за угол и тебя бьют в спину каждый ход
 75518 | Elf:2    | Iwannabefree: ебнут тебя даже с тапками рана
 75518 | Elf:2    | theanonym: Ну 5 инты реально не стят того
 75518 | Elf:2    | theanonym: Пока нет торнадо и т.д
 75518 | Elf:2    | Iwannabefree: запомни нуфаг
 75518 | Elf:2    | Iwannabefree: статы это самое сильное что есть в этой ебаной игре
 75518 | Elf:2    | Iwannabefree: поэтому чеи самый поломанный бог
 75518 | Elf:2    | Iwannabefree: потому что он дает чистые статы
 75518 | Elf:2    | Iwannabefree: поэтому статуя чеи самая брокен хуйня которая ваншотает панлордов
 75518 | Elf:2    | Iwannabefree: потому что статуя и анарм наиболее эффективно реализуют статы
 75518 | Elf:2    | theanonym: Арбалет не холи тоже почти всё убивает с 50 силы
 75518 | Elf:2    | Iwannabefree: арбалет медленнее раза в 2
 75518 | Elf:2    | theanonym: Какодемонов и некосеков очень удобно валить
 75518 | Elf:2    | Iwannabefree: некокзеки контрятся конфузом или инвизом
 75518 | Elf:2    | Iwannabefree: а спеллпавер берется с инты
 75518 | Elf:2    | theanonym: Ты бы ещё кольцо инты вместо резиста взял?
 75518 | Elf:2    | Iwannabefree: ну по плюсу в резах это святое
 75518 | Elf:2    | Iwannabefree: а больше и не надо
 75518 | Elf:2    | Iwannabefree: и выучи сало!
 75518 | Elf:2    | theanonym: Бля, 9%
 75518 | Elf:2    | theanonym: Я думал там процентов 80
 75518 | Elf:2    | Iwannabefree: не 20
 75725 | D:13     | Iwannabefree: с салом изи табаешь эльфов и паки спригстеров
 75728 | D:13     | theanonym: Личей
 75728 | D:13     | Iwannabefree: да
 75734 | D:13     | Learned a level 5 spell: Silence
 75734 | D:13     | Iwannabefree: откопай где нибдуь инвиз
 75734 | D:13     | Iwannabefree: чтобы в зоте дракониды не ебнули
 75734 | D:13     | Iwannabefree: и выучи конфуз
 75734 | D:13     | theanonym: Больше ничего не надо?
 75734 | D:13     | Iwannabefree: лан я спать
 75734 | D:13     | theanonym: У эльфов может быть книга
 75734 | D:13     | Iwannabefree: чото чтобы пиздить оофов
 75734 | D:13     | theanonym: Чем?
 75734 | D:13     | Iwannabefree: хотя если аккуратно то можно и табать со спектралкой под бафами
 75734 | D:13     | Iwannabefree: торнадо
 75734 | D:13     | Iwannabefree: тентаклий
 75734 | D:13     | Iwannabefree: саммоны какие нибудь
 75734 | D:13     | Iwannabefree: оод в конце концов
 75734 | D:13     | theanonym: Как там спелл называется?
 75734 | D:13     | Iwannabefree: и напяль пондер
 75734 | D:13     | Iwannabefree: ??malign gateway
 75734 | D:13     | beem: malign gateway[1/7]: Summons a portal through which an eldritch tentacle emerges. Depending on spell power, it will be friendly for a number of turns, before turning hostile or the portal closes and it is severed and starts thrashing (turns neutral attacking whatever is near it but not seeking to attack anything), whichever happens first. Level 7 Summ/Tloc in the Grand Grimoire.
 75734 | D:13     | Iwannabefree: ya svalil
 75734 | D:13     | theanonym: Ага
 75836 | D:15     | Reduced skill Short Blades to level 11
 75836 | D:15     | Reached skill level 1 in Long Blades
 75845 | D:15     | HP: 101/202 [red very ugly thing (12)]
 75850 | D:15     | Reached skill level 2 in Long Blades
 76170 | D:15     | HP: 101/202 [poisoned by a golden dragon (poison gas)]
 76198 | D:15     | Reached skill level 3 in Long Blades
 76530 | D:15     | Killed a golden dragon
 76530 | D:15     | Reached skill level 4 in Long Blades
 76530 | D:15     | Reached skill level 5 in Long Blades
 76658 | Depths:1 | Reduced skill Short Blades to level 10
 76658 | Depths:1 | Reached skill level 6 in Long Blades
 76707 | Depths:1 | Reached skill level 7 in Long Blades
 76789 | Depths:1 | Reached skill level 8 in Long Blades
 76796 | Depths:1 | Reduced skill Short Blades to level 9
 76813 | Depths:1 | Reached skill level 9 in Long Blades
 77123 | Depths:1 | Reached XP level 23. HP: 209/209 MP: 37/37
 77151 | Depths:1 | Reduced skill Short Blades to level 8
 77155 | Depths:1 | Reached skill level 10 in Long Blades
 77234 | Depths:1 | Found a gateway to Hell.
 77326 | Depths:1 | Found Poheb's General Store.
 77366 | Depths:1 | Found Zydyasay's Assorted Antiques.
 77366 | Depths:1 | Found Konkeu Myff's Distillery.
 77372 | Depths:1 | Bought a scroll of teleportation for 60 gold pieces
 77372 | Depths:1 | Found Galaudoq's Weapon Boutique.
 77382 | Depths:1 | Bought a potion of heal wounds for 205 gold pieces
 77382 | Depths:1 | Bought a scroll of teleportation for 123 gold pieces
 77611 | Depths:2 | Reached skill level 11 in Long Blades
 78177 | Depths:2 | Reached skill level 1 in Hexes
 78184 | Depths:2 | Reached skill level 1 in Summonings
 78220 | Depths:1 | Reached skill level 2 in Hexes
 78886 | Depths:2 | Learned a level 2 spell: Swiftness
 79167 | Depths:2 | HP: 105/211 [deep troll earth mage (2)]
 79172 | Depths:2 | HP: 97/211 [deep troll earth mage (illusionary) (10)]
 79188 | Depths:2 | Reached skill level 19 in Fighting
 79189 | Depths:2 | HP: 65/213 [juggernaut skeleton[a necromancer] (13)]
 79198 | Depths:2 | HP: 68/213 [deep troll (illusionary) (1)]
 79211 | Depths:2 | HP: 77/213 [fire dragon (6)]
 80295 | Depths:3 | Noticed a caustic shrike
 80313 | Depths:3 | Killed a caustic shrike
 80313 | Depths:3 | Reached skill level 2 in Summonings
 80469 | Depths:3 | Reached skill level 11 in Evocations
 80479 | Depths:3 | Noticed a caustic shrike
 80479 | Depths:3 | Reached skill level 11 in Dodging
 80482 | Depths:3 | jacquesderrida: Вф
 80482 | Depths:3 | jacquesderrida: Da
 80487 | Depths:3 | Noticed a caustic shrike
 80489 | Depths:3 | Noticed a caustic shrike
 80489 | Depths:3 | Noticed a caustic shrike
 80492 | Depths:3 | HP: 107/215 [caustic shrike (33)]
 80498 | Depths:3 | HP: 77/215 [caustic shrike (17)]
 80501 | Depths:3 | Killed a caustic shrike
 80506 | Depths:3 | HP: 63/215 [caustic shrike (17)]
 80511 | Depths:3 | HP: 51/215 [deep troll earth mage (15)]
 80520 | Depths:3 | HP: 50/215 [tentacled monstrosity (15)]
 80548 | Depths:3 | HP: 71/215 [two-headed ogre/giant spiked club (7)]
 80565 | Depths:3 | HP: 91/215 [caustic shrike (2)]
 80568 | Depths:3 | Killed a caustic shrike
 80572 | Depths:3 | HP: 86/215 [deep troll (5)]
 80579 | Depths:3 | HP: 74/215 [deep troll (16)]
 80584 | Depths:3 | HP: 53/215 [deep troll (16)]
 80836 | Depths:3 | Killed a caustic shrike
 80908 | Depths:3 | HP: 104/215 [frost giant/battleaxe of freezing (17)]
 81029 | Depths:3 | Killed a caustic shrike
 81029 | Depths:3 | Reached skill level 20 in Fighting
 81328 | Depths:3 | Reached skill level 12 in Evocations
 81397 | Depths:3 | Reached XP level 24. HP: 170/224 MP: 35/37
 81684 | Depths:3 | Reached skill level 12 in Dodging
 82000 | Depths:3 | Identified the cursed +3 arbalest of the Hidden Moons {velocity, rF+ Str+4 SInv}
 82380 | Depths:3 | Found a one-way gate leading to the halls of Pandemonium.
 82989 | Elf:3    | HP: 107/224 [smoke demon/divine providence[a deep elf demonologist] (9)]
 82994 | Elf:3    | HP: 66/224 [poisoned by a deep elf death mage]
 82999 | Elf:3    | HP: 65/224 [poisoned by a ghostly deep elf death mage]
 83004 | Elf:3    | HP: 65/224 [poisoned by a ghostly deep elf death mage]
 83009 | Elf:3    | HP: 44/224 [poisoned by a ghostly deep elf death mage]
 83014 | Elf:3    | HP: 49/224 [poisoned by a ghostly deep elf death mage]
 83020 | Elf:3    | HP: 55/224 [poisoned by a ghostly deep elf death mage]
 83025 | Elf:3    | HP: 59/224 [poisoned by a ghostly deep elf death mage]
 83030 | Elf:3    | HP: 63/224 [poisoned by a ghostly deep elf death mage]
 83036 | Elf:3    | HP: 67/224 [poisoned by a ghostly deep elf death mage]
 83041 | Elf:3    | HP: 67/224 [poisoned by a ghostly deep elf death mage]
 83308 | Elf:3    | Identified the ring of Fyizo {rElec Dex+5 Slay+3} (You took it off a deep elf sorcerer on level 3 of the Elven Halls)
 83334 | Elf:3    | Reached skill level 13 in Dodging
 83352 | Elf:3    | HP: 103/225 [trident of venom (16)]
 83357 | Elf:3    | HP: 82/225 [poisoned by a trident of venom]
 83362 | Elf:3    | HP: 45/225 [poisoned by a trident of venom]
 83362 | Elf:3    | HP: 22/225 [deep elf blademaster/rapier (8)]
 83368 | Elf:3    | HP: 49/225 [poisoned by a trident of venom]
 83373 | Elf:3    | HP: 46/225 [poisoned by a trident of venom]
 83378 | Elf:3    | HP: 48/225 [poisoned by a trident of venom]
 83384 | Elf:3    | HP: 53/225 [poisoned by a trident of venom]
 83389 | Elf:3    | HP: 58/225 [poisoned by a trident of venom]
 83396 | Elf:3    | HP: 65/225 [poisoned by a trident of venom]
 83404 | Elf:3    | HP: 67/225 [poisoned by a trident of venom]
 83605 | Elf:3    | Identified the amulet "Suc Kionn" {Reflect Dex+6 SH+2} (You took it off a deep elf demonologist on level 3 of the Elven Halls)
 83608 | Elf:3    | Identified a ring of the Octopus King {rF+ AC+1 EV+1 Str+1 Int+1 Dex+1} (You took it off a deep elf annihilator on level 3 of the Elven Halls)
 83695 | Elf:3    | Identified the +6 great sword "Weqaitz" {elec, rF- Str+6 Dex+2}
 83723 | Elf:3    | Identified the +10 hand crossbow of Pexuzo {velocity, SInv}
 83776 | Elf:3    | Identified Sif Muna's Disquisition on Feathery Transmigration
 84982 | Depths:4 | Found a magical portal.
 84992 | WizLab   | Entered The Roulette of Golubria
 84992 | WizLab   | Found a transporter.
 84995 | WizLab   | Found a corrupted altar of Lugonu.
 84996 | WizLab   | Found the +1 cloak of Starlight {rElec rC+ EV+4 Stlth--}
 84996 | WizLab   | Found the +2 cloak of the Thief {+Fog Slay-2 SInv Stlth+}
 85070 | WizLab   | Found a transporter.
 85070 | WizLab   | Found a transporter.
 85153 | WizLab   | Found a transporter.
 85185 | WizLab   | Found a transporter.
 85242 | WizLab   | Found a corrupted altar of Lugonu.
 85242 | WizLab   | Found a transporter.
 85270 | WizLab   | Found a transporter.
 85326 | WizLab   | Found a transporter.
 85367 | WizLab   | Found a transporter.
 85380 | WizLab   | Found a transporter.
 85403 | WizLab   | Found a transporter.
 85522 | WizLab   | Found a transporter.
 85522 | WizLab   | Found a transporter.
 85600 | WizLab   | Found a transporter.
 85600 | WizLab   | Found a transporter.
 85632 | WizLab   | Identified Sif Muna's Papyrus of the Voyage
 85757 | WizLab   | Found a transporter.
 85833 | WizLab   | Found a transporter.
 85833 | WizLab   | Found a transporter.
 85949 | WizLab   | Found a transporter.
 86004 | WizLab   | Found a transporter.
 86394 | Crypt:1  | Entered Level 1 of the Crypt
 86884 | Crypt:1  | Reached skill level 12 in Long Blades
 87103 | Crypt:1  | HP: 87/225 [flayed ghost/flay_damage[a vampire mage] (33)]
 87568 | Crypt:1  | HP: 110/225 [freezing wraith (7)]
 87577 | Crypt:1  | HP: 86/225 [skeletal warrior/long sword of flaming[a skeletal warrior] (2)]
 88256 | Crypt:1  | HP: 108/225 [skeletal warrior/glaive (15)]
 88262 | Crypt:1  | HP: 97/225 [skeletal warrior/glaive (9)]
 88267 | Crypt:1  | HP: 25/225 [ancient champion/great sword (24)]
 88272 | Crypt:1  | HP: 43/225 [skeletal warrior/glaive (4)]
 88284 | Crypt:1  | Reached skill level 13 in Long Blades
 88295 | Crypt:1  | Upgraded the game from 0.21-a0-528-gf531e82 to 0.21-a0-529-g8c7b3f5
 88296 | Crypt:1  | HP: 48/225 [revenant] (1)]
 88982 | Crypt:2  | Noticed a greater mummy
 89090 | Crypt:2  | Noticed Mennas
 89116 | Crypt:2  | Killed Mennas
 89116 | Crypt:2  | Reached skill level 11 in Spellcasting
 89613 | Crypt:2  | HP: 90/225 [greater mummy (24)]
 89616 | Crypt:2  | Killed a greater mummy
 89897 | Crypt:2  | Noticed a greater mummy
 89922 | Crypt:2  | Killed a greater mummy
 89922 | Crypt:2  | Reached XP level 25. HP: 215/230 MP: 38/38
 89956 | Crypt:2  | Noticed a greater mummy
 89957 | Crypt:2  | Found the +7 sceptre of Torment
 89988 | Crypt:2  | Killed a greater mummy
 90260 | Crypt:2  | Reached skill level 12 in Spellcasting
 90298 | Crypt:1  | Reached skill level 2 in Necromancy
 90897 | Crypt:2  | Learned a level 4 spell: Control Undead
 92085 | Crypt:3  | Entered Level 3 of the Crypt
 92305 | Crypt:2  | HP: 100/228 [vampire knight/bardiche (33)]
 92311 | Crypt:2  | HP: 105/228 [mirror damage (1)]
 92319 | Crypt:2  | HP: 55/228 [vampire knight/bardiche (28)]
 92925 | Crypt:3  | Found a staircase to the Tomb.
 93225 | Crypt:3  | Noticed Jory
 93255 | Crypt:3  | HP: 114/228 [Jory/battleaxe of venom (30)]
 93260 | Crypt:3  | HP: 65/234 [Jory/battleaxe of venom (21)]
 93265 | Crypt:3  | HP: 50/234 [poisoned by Jory]
 93270 | Crypt:3  | HP: 44/234 [poisoned by Jory]
 93271 | Crypt:3  | HP: 21/234 [Jory/vampiric draining (15)]
 93276 | Crypt:3  | HP: 20/234 [poisoned by Jory]
 93281 | Crypt:3  | HP: 25/234 [poisoned by Jory]
 93286 | Crypt:3  | HP: 30/234 [poisoned by Jory]
 93292 | Crypt:2  | HP: 38/234 [poisoned by Jory]
 93300 | Crypt:2  | HP: 40/234 [poisoned by Jory]
 93746 | Crypt:3  | Iwannabefree: dorou
 93834 | Crypt:3  | HP: 97/234 [reaper/scythe of venom (41)]
 93839 | Crypt:3  | Iwannabefree: нашол торнадо?
 93840 | Crypt:3  | HP: 26/234 [reaper/scythe of venom (40)]
 93841 | Crypt:3  | Iwannabefree: ебать дурак, под рипером стоит
 93841 | Crypt:3  | theanonym: Нет
 93845 | Crypt:3  | Iwannabefree: знаеш как они уебать могут
 93845 | Crypt:3  | HP: 20/234 [poisoned by a reaper]
 93879 | Crypt:2  | HP: 25/234 [skeletal warrior/hand axe (20)]
 93882 | Crypt:2  | theanonym: Абжур нашёл
 93882 | Crypt:2  | theanonym: И SC можно в зоте использовать
 93882 | Crypt:2  | Iwannabefree: 15 чтоли собрался делать
 93882 | Crypt:2  | Iwannabefree: а, ето да
 93882 | Crypt:2  | Iwannabefree: правда два оофа друг другу ничего не могут сделать
 94264 | Crypt:2  | Iwannabefree: но френдли кобы ебошут
 94335 | Crypt:2  | HP: 117/234 [poisoned by a reaper]
 94341 | Crypt:2  | HP: 116/234 [poisoned by a reaper]
 94348 | Crypt:2  | HP: 117/234 [poisoned by a reaper]
 94586 | Crypt:2  | Iwannabefree: пойду к себе
 94658 | Crypt:3  | Noticed Margery
 94817 | Crypt:2  | Killed Margery
 94860 | Crypt:3  | Reached skill level 14 in Dodging
 94923 | Crypt:3  | HP: 115/234 [phantasmal warrior (33)]
 94926 | Crypt:3  | Paralysed by a vampire knight for 2 turns
 94927 | Crypt:3  | HP: 38/234 [vampiric long sword (21)]
 94927 | Crypt:3  | HP: 15/234 [vampire knight/enchanted great sword (23)]
 94927 | Crypt:3  | HP: 6/234 [vampire knight/enchanted great sword (9)]
 94927 | Crypt:3  | Slain by a phantasmal warrior

Vanquished Creatures
  Mennas (Crypt:2)
  3 greater mummies (Crypt:2)
  Vashnia (Snake:3)
  Margery (Crypt:2)
  4 caustic shrikes (Depths:3)
  Nikola (Snake:3)
  Jorgrun (Snake:3)
  Rupert (D:15)
  2 liches
  A tentacled monstrosity (Depths:3)
  2 deep elf master archers (Elf:3)
  3 deep elf blademasters
  A titan (Vaults:4)
  Asterion (Snake:4)
  3 ancient champions
  3 krakens
  2 sphinxes
  A tentacled starspawn (WizLab)
  Kirke (D:12)
  Frances (D:14)
  Gastronok (D:12)
  A tengu reaver (Depths:3)
  Ilsuiw (Shoals:3)
  6 nagarajas (Snake:4)
  2 fire giants
  Aizul (Snake:3)
  5 deep elf sorcerers
  11 vault wardens
  A ghost moth (shapeshifter) (D:14)
  10 frost giants
  A balrug (Depths:1)
  9 ghouls
  3 deep elf elementalists (Elf:3)
  15 ironheart preservers
  23 very ugly things
  A spriggan defender (Depths:3)
  4 reapers
  3 entropy weavers
  2 juggernaut skeletons (Depths:2)
  18 stone giants
  4 deep elf demonologists
  A lorocyproca (Depths:3)
  9 deep elf annihilators
  Azrael (D:14)
  3 vampire knights (Crypt:2)
  8 ettins
  5 deep elf death magi
  A blizzard demon (Depths:1)
  An eidolon (Crypt:3)
  8 merfolk javelineers
  10 jiangshi
  2 mummy priests (Crypt:2)
  6 fire dragons
  8 merfolk impalers
  7 yaktaur captains
  2 deep elf high priests (Elf:3)
  The ghost of Ijustatesigmund the Cleaver, a journeyman HOAr of Cheibriados (D:9)
  4 ice dragons
  5 great orbs of eyes
  9 vault guards
  Fannar (Lair:3)
  3 rakshasas
  14 naga warriors
  10 centaur warriors
  5 merfolk avatars
  18 anacondas
  3 spriggan air magi (Depths:3)
  9 death knights
  2 alligator snapping turtles (Shoals:4)
  5 hydras
  37 two-headed ogres
  29 dancing weapons
  12 ogre magi
  6 deep troll shamans
  2 satyrs
  4 merfolk aquamancers (Shoals:4)
  19 death yaks
  Urug (D:15)
  A tengu warrior (D:12)
  10 deep troll earth magi
  5 hell knights
  3 orc high priests (Orc:2)
  A thrashing horror (WizLab)
  5 sun demons
  A storm dragon zombie (Crypt:3)
  3 spriggan berserkers
  14 vampire magi
  Sonja (D:15)
  7 shock serpents
  21 deep elf knights
  5 shadow wraiths
  10 naga sharpshooters
  A fire crab (Lair:4)
  A sixfirhy (Depths:3)
  6 salamander mystics
  18 skeletal warriors
  14 sea snakes
  15 ironbrand convokers
  2 flayed ghosts
  2 unseen horrors
  A gelid demonspawn (Depths:3)
  A torturous demonspawn (Depths:3)
  26 deep trolls
  A ghost moth zombie (Crypt:3)
  13 naga ritualists
  3 glowing orange brains
  15 deep elf archers
  A lindwurm (Lair:6)
  5 wizards
  2 starcursed masses (WizLab)
  8 necromancers
  An obsidian statue (WizLab)
  6 phantasmal warriors
  2 tengu zombies (Vaults:4)
  38 harpies
  12 mana vipers
  15 orc knights
  45 ugly things
  A human zombie (Vaults:4)
  14 manticores
  7 orc sorcerers
  7 fauns
  21 salamanders
  4 wolf spiders
  4 cyclopes
  63 deep elf magi
  2 stone giant zombies (Vaults:4)
  2 worldbinders (WizLab)
  2 human skeletons (Vaults:4)
  A fire giant skeleton (Crypt:2)
  A shock serpent zombie (Crypt:1)
  2 frost giant skeletons (Depths:2)
  9 elephants
  9 merfolk sirens
  An apocalypse crab (WizLab)
  36 black mambas
  18 guardian serpents
  24 naga magi
  6 water nymphs
  Psyche (D:9)
  An elf skeleton (Depths:2)
  16 vault sentinels
  An orange demon (WizLab)
  2 spriggan zombies (Depths:2)
  9 spiny frogs
  A smoke demon (WizLab)
  4 torpor snails (Lair:6)
  10 komodo dragons
  5 gargoyles
  9 rime drakes
  7 freezing wraiths
  38 yaktaurs
  A yaktaur zombie (Vaults:4)
  3 ancient zymes (WizLab)
  An iron troll zombie (Crypt:1)
  5 ice devils
  A guardian mummy (D:15)
  3 tengu conjurers
  6 trolls
  A wind drake (shapeshifter) (Vaults:2)
  3 meliai
  38 merfolk
  12 polar bears
  3 tyrant leeches (Lair:6)
  A death drake zombie (Crypt:1)
  A hornet (shapeshifter) (Elf:3)
  20 hornets
  3 wind drakes
  9 blink frogs
  3 bog bodies (Crypt:1)
  27 slime creatures
  A stone giant simulacrum (Vaults:3)
  A blink frog (shapeshifter) (Vaults:3)
  13 hippogriffs
  A meliai zombie (D:13)
  6 snapping turtles
  A fire dragon skeleton (Crypt:1)
  2 ice dragon skeletons
  12 water elementals
  Sigmund (D:5)
  3 air elementals
  15 wyverns
  5 redbacks
  2 shadows (D:11)
  6 spriggans
  10 wraiths
  9 vampires
  A redback (shapeshifter) (Elf:1)
  A hungry ghost (D:10)
  4 tarantellas
  4 hogs (D:12)
  A human (D:12)
  48 yaks
  10 basilisks
  A yaktaur simulacrum (Vaults:2)
  A hog (shapeshifter) (Elf:2)
  4 fire elementals
  6 vampire mosquitoes
  Menkaure (D:4)
  6 spatial vortices (WizLab)
  An insubstantial wisp (WizLab)
  53 nagas
  2 soldier ants
  8 wargs
  A large abomination (WizLab)
  3 acid dragons
  20 water moccasins
  4 porcupines
  A floating eye (Depths:3)
  28 orc warriors
  A gelid demonspawn skeleton (Crypt:3)
  6 hell hounds
  4 sky beasts
  A black bear (shapeshifter) (Vaults:4)
  A lindwurm zombie (Crypt:2)
  2 black bears
  7 necrophages
  13 ice beasts
  43 ogres
  2 eyes of draining
  3 phantoms
  A spriggan simulacrum (Depths:2)
  13 wolves
  18 boggarts
  23 centaurs
  11 crocodiles
  A dream sheep skeleton (Crypt:1)
  An octopode zombie (Crypt:1)
  2 big kobolds
  18 bullfrogs
  A cyclops zombie (Crypt:3)
  5 earth elementals
  A hippogriff skeleton (Crypt:2)
  3 scorpions
  2 small abominations (WizLab)
  9 killer bees
  4 wights (D:12)
  11 howler monkeys
  2 electric eels (Lair:1)
  12 crimson imps
  3 bullfrog zombies
  2 centaur zombies
  5 hounds
  2 centaur skeletons
  A black bear zombie (Crypt:1)
  5 jellies
  A water moccasin simulacrum (D:9)
  20 orc wizards
  16 orc priests
  Ijyb (D:4)
  2 iguanas
  8 worker ants
  A porcupine skeleton (Crypt:2)
  A killer bee zombie (D:6)
  2 centaur simulacra
  A tengu skeleton (Crypt:1)
  A hound zombie (D:7)
  8 mummies (Ossuary)
  A felid skeleton (Crypt:1)
  3 hound skeletons
  A killer bee simulacrum (D:9)
  A worker ant zombie (D:6)
  10 adders
  2 gnolls (D:2)
  A howler monkey skeleton (D:4)
  3 shadow imps
  11 white imps
  4 ufetubi
  An adder skeleton (Crypt:2)
  3 worms (D:2)
  3 dart slugs
  2 leopard geckos
  74 orcs
  7 giant cockroaches
  15 goblins
  4 hobgoblins
  9 jackals
  4 quokkas
  2 ball pythons
  6 bats
  4 frilled lizards
  A hobgoblin zombie (Ossuary)
  17 kobolds
  4 kobold zombies (Ossuary)
  A leopard gecko skeleton (D:5)
  3 orc zombies (Ossuary)
  3 quokka skeletons
  3 rats
  A butterfly (Lair:2)
  A crawling corpse (Elf:3)
  5 plants
  2 starspawn tentacles (WizLab)
  2 tentacles (Shoals:4)
2059 creatures vanquished.

Vanquished Creatures (collateral kills)
  A caustic shrike (Depths:3)
  A golden dragon (D:15)
  A revenant (Crypt:1)
  A deep elf death mage (Elf:3)
  A deep elf high priest (Elf:3)
  A vault guard (Vaults:2)
  An ogre mage (Vaults:1)
  4 skeletal warriors
  A torpor snail (Lair:6)
  A polar bear (IceCv)
  A tyrant leech (Lair:6)
  A yak (IceCv)
  An ogre (Vaults:1)
  An orc wizard (D:9)
  An orc (D:9)
18 creatures vanquished.

Vanquished Creatures (others)
  An eldritch tentacle (WizLab)
  A tentacled starspawn (WizLab)
  An ice dragon (Vaults:3)
  A vault guard (Vaults:1)
  A spriggan air mage (Depths:2)
  2 two-headed ogres (Depths:3)
  A deep troll earth mage (Depths:3)
  A spriggan berserker (Depths:3)
  A naga sharpshooter (Snake:3)
  2 deep trolls
  A yaktaur (Depths:2)
  A polar bear (IceCv)
  A merfolk (Shoals:4)
  A hippogriff (Lair:2)
  An ettin skeleton (Depths:2)
  A spriggan simulacrum (Depths:2)
  2 wolves (IceCv)
  An ogre (Depths:3)
  A centaur (D:13)
  A necrophage (D:12)
  A crimson imp (Depths:1)
  A jelly (D:14)
  An orc wizard (Vaults:2)
  A gnoll (D:2)
  An orc (Vaults:2)
  A crawling corpse (Elf:3)
  19 fungi
  63 plants
  6 starspawn tentacles (WizLab)
  33 tentacles (Shoals:4)
150 creatures vanquished.

Grand Total: 2227 creatures vanquished

Table legend:
 A = Turns spent in this place as a percentage of turns spent in the entire game.
 B = Non-inter-level travel turns spent in this place as a percentage of non-inter-level travel turns spent in the entire game.
 C = Inter-level travel turns spent in this place as a percentage of turns spent in this place.
 D = Turns resting spent in this place as a percentage of non-inter-level travel turns spent in this place.
 E = Turns spent auto-exploring this place as a percentage of non-inter-level travel turns spent in this place.
 F = Non-inter-level travel turns spent in this place divided by the number of levels of this place that you've seen.
                   A       B       C       D       E      F
               +-------+-------+-------+-------+-------+----------------------
         Total | 100.0 | 100.0 |   9.4 |  42.2 |  30.6 | 1754.3
       Dungeon |  25.0 |  23.7 |  14.0 |  35.2 |  40.1 | 1358.9
        Temple |   0.1 |   0.1 |  10.5 |   0.0 |  87.0 |  77.0
          Lair |  14.4 |  14.0 |  11.7 |  45.0 |  32.9 | 2012.2
        Shoals |   9.8 |  10.1 |   6.4 |  47.2 |  26.5 | 2170.2
     Snake Pit |  13.6 |  14.3 |   5.0 |  58.3 |  18.2 | 3072.0
  Orcish Mines |   3.1 |   2.6 |  26.0 |  25.9 |  46.8 | 1105.0
   Elven Halls |   6.6 |   6.2 |  14.9 |  26.0 |  38.9 | 1771.3
        Vaults |   8.7 |   9.1 |   5.1 |  29.0 |  36.5 | 1959.8
         Crypt |   9.0 |   9.7 |   2.8 |  58.2 |  16.6 | 2765.7
        Depths |   6.5 |   6.7 |   6.9 |  38.5 |  25.6 | 1446.5
       Ossuary |   0.3 |   0.3 |   0.0 |  28.2 |  36.8 | 280.0
      Ice Cave |   1.7 |   1.9 |   0.0 |  58.1 |  14.7 | 1657.0
        Wizlab |   1.1 |   1.2 |   0.0 |   4.7 |  36.8 | 1074.0
               +-------+-------+-------+-------+-------+----------------------
